 Dungeon Crawl Stone Soup version 0.21.0-26-g889b8f6 (webtiles) character file.

1499 Mimshu the Cleaver (level 8, -1/73 HPs)
             Began as a Minotaur Berserker on Jan 27, 2018.
             Was a Priest of Trog.
             Succumbed to loralnil's ghost's poison
             ... on level 6 of the Dungeon.
             The game lasted 00:14:13 (5327 turns).

Mimshu the Cleaver (Minotaur Berserker)             Turns: 5327, Time: 00:14:13

Health: -1/73      AC:  8    Str: 23    XL:     8   Next: 52%
Magic:  7/7        EV: 17    Int:  4    God:    Trog [***...]
Gold:   256        SH:  0    Dex: 22    Spells: 7/7 levels left

rFire    . . .     SeeInvis .   a - +0 hand axe
rCold    . . .     Gourm    .   (no shield)
rNeg     . . .     Faith    .   h - +0 ring mail
rPois    .         Spirit   .   B - +2 hat
rElec    .         Reflect  .   (no cloak)
rCorr    .         Harm     .   (no gloves)
MR       .....                  (no boots)
Stlth    ++........             (no amulet)
HPRegen  0.22/turn              y - +6 ring of dexterity
MPRegen  0.10/turn              (no ring)

@: agile, lethally poisoned (-1 -> -42), berserk cooldown, slowed, very slow
A: retaliatory headbutt, horns 2
a: Berserk, Trog's Hand, Burn Spellbooks, Renounce Religion


You were on level 6 of the Dungeon.
You worshipped Trog.
Trog was most pleased with you.
You were not hungry.

You visited 1 branch of the dungeon, and saw 6 of its levels.

You collected 256 gold pieces.

Inventory:

Hand Weapons
 a - a +0 hand axe (weapon)
Missiles
 d - 128 stones
 j - 130 arrows
 p - 58 bolts
 s - 33 poisoned needles (quivered)
 E - 3 tomahawks
Armour
 b - a +0 animal skin
 h - a +0 ring mail (worn)
 n - a cursed +0 pair of boots
 w - a +0 helmet
 B - a +2 hat (worn)
Magical Staves
 D - an uncursed staff of summoning
Jewellery
 f - a cursed ring of teleportation
 y - a +6 ring of dexterity (left hand)
 A - an uncursed ring of stealth {unknown}
 F - an uncursed ring of wizardry {unknown}
Wands
 m - a wand of enslavement (22)
Scrolls
 g - 2 scrolls of identify
 i - 2 scrolls of fog {unknown}
 k - a scroll of amnesia {unknown}
 l - 5 scrolls of remove curse {unknown}
 q - a scroll of fear {unknown}
 u - a scroll of noise {unknown}
 x - 4 scrolls of enchant weapon {unknown}
 H - a scroll of enchant armour {unknown}
Potions
 e - 2 potions of might {unknown}
 o - a potion of agility
 r - a potion of invisibility {unknown}
 t - a potion of flight {unknown}
 v - a potion of cancellation {unknown}
 z - a potion of degeneration {unknown}
 C - a potion of curing {unknown}
 G - 2 potions of magic {unknown}
 I - a potion of haste {unknown}
Comestibles
 c - 6 rations
 J - a chunk of flesh


   Skills:
 + Level 7.3 Fighting
 * Level 9.7 Axes
 + Level 6.8 Armour
 - Level 2.1 Dodging


You had 7 spell levels left.
You didn't know any spells.

Dungeon Overview and Level Annotations

Branches:
Dungeon (6/15)             Temple (0/1) D:5

Altars:
Kikubaaqudgha
Ru
Zin
The Shining One


Innate Abilities, Weirdness & Mutations

You reflexively headbutt those who attack you in melee.
You have a pair of horns on your head.


Message History

Your Axes skill increases to level 9!
* * * LOW HITPOINT WARNING * * *
You feel very sick.
* * * LOW HITPOINT WARNING * * *
You feel very sick.
You feel a strong urge to attack something.
* * * LOW HITPOINT WARNING * * *
You feel very sick.
You are no longer berserk.
You are exhausted.
You feel yourself slow down.
* * * LOW HITPOINT WARNING * * *
You feel sick.
* * * LOW HITPOINT WARNING * * *
You feel extremely sick.
* * * LOW HITPOINT WARNING * * *
You feel very sick.
It was a potion of agility.
You feel agile all of a sudden.
You die...

#. #######.#####.##
###.##########.#####..#
......................
#............######..
###........##### #..
....?..........# #..
#........###.######..
#........# #.......
#...@....# #.#####.
#........# ........
#.....?..# ...#####
#........# # #........#
..### #........# ......
########## ......
...... ######


There were no monsters in sight!

Vanquished Creatures
  The ghost of loralnil the Covered, a novice GrFi (D:6)
  The ghost of Rhok the Fighter, a novice DsGl (D:4)
  Grinder (D:4)
  A howler monkey (D:4)
  4 orc priests
  A bullfrog skeleton (D:5)
  2 iguanas
  2 orc wizards
  2 hound skeletons
  A hound zombie (D:5)
  8 adders
  A shadow imp (D:6)
  An ooze (D:4)
  A worm (D:2)
  2 dart slugs
  A leopard gecko (D:5)
  15 orcs
  5 giant cockroaches
  6 goblins
  6 hobgoblins
  3 jackals (D:1)
  2 quokkas
  5 bats
  6 frilled lizards
  5 kobolds
  A leopard gecko skeleton (D:4)
  4 rats
88 creatures vanquished.

Notes
Turn   | Place    | Note
-------+----------+-------------------------------------------
     0 | D:1      | Mimshu the Minotaur Berserker began the quest for the Orb.
     0 | D:1      | Reached XP level 1. HP: 19/19 MP: 0/0
   287 | D:1      | Reached skill level 4 in Axes
   300 | D:1      | Reached XP level 2. HP: 20/27 MP: 1/1
  1493 | D:2      | Reached ** piety under Trog
  1493 | D:2      | Reached XP level 3. HP: 32/33 MP: 2/2
  1760 | D:2      | Found a sacrificial altar of Ru.
  2093 | D:3      | Reached XP level 4. HP: 40/40 MP: 3/3
  2101 | D:3      | Reached skill level 5 in Axes
  2686 | D:3      | Found a glowing golden altar of the Shining One.
  2923 | D:4      | Noticed Grinder
  2932 | D:4      | Reached XP level 5. HP: 37/47 MP: 4/4
  2942 | D:4      | Killed Grinder
  2942 | D:4      | Reached skill level 5 in Fighting
  2942 | D:4      | Reached skill level 6 in Axes
  2942 | D:4      | Reached XP level 6. HP: 44/56 MP: 5/5
  3318 | D:4      | Reached skill level 7 in Axes
  3319 | D:4      | Reached skill level 5 in Armour
  3408 | D:4      | Found an ancient bone altar of Kikubaaqudgha.
  3412 | D:4      | Noticed Rhok's ghost (novice DsGl)
  3429 | D:4      | Killed Rhok's ghost
  3429 | D:4      | Reached skill level 8 in Axes
  3429 | D:4      | Reached XP level 7. HP: 63/63 MP: 6/6
  3931 | D:4      | Reached *** piety under Trog
  4110 | D:5      | Entered Level 5 of the Dungeon
  4880 | D:5      | Found a staircase to the Ecumenical Temple.
  5081 | D:6      | Found a glowing silver altar of Zin.
  5238 | D:6      | Reached XP level 8. HP: 64/71 MP: 7/7
  5298 | D:6      | Noticed loralnil's ghost (novice GrFi)
  5321 | D:6      | Killed loralnil's ghost
  5321 | D:6      | Reached skill level 9 in Axes
  5327 | D:6      | Succumbed to loralnil's ghost's poison

Skill      XL: |  1  2  3  4  5  6  7  8 |
---------------+-------------------------+-----
Axes           | 4 5 6 8 9 |  9.7
Fighting       | 4 5 6 7 |  7.3
Armour         | 3 4 5 6 |  6.8
Dodging        | |  2.1

Action                   |  1- 3 |  4- 6 |  7- 9 || total
-------------------------+-------+-------+-------++-------
Melee: Hand axe          |   103 |    74 |    75 ||   252
       Headbutt          |    16 |    15 |    22 ||    53
Invok: Berserk           |       |     4 |     1 ||     5
  Use: Scroll            |     1 |       |     4 ||     5
       Potion            |       |       |     1 ||     1
  Eat: Chunk             |     4 |     6 |     5 ||    15
       Ration            |       |       |     1 ||     1
Armor: Animal skin       |     8 |       |       ||     8
       Ring mail         |    21 |    16 |    16 ||    53
Dodge: Dodged            |    62 |    41 |    27 ||   130
